NWL (28 & UNDER)
BALZAC RAMS @ LA CROSSE LOGGERS
06/20/2024
 
TOP OF THE 1ST
Balzac Rams batting - Pitching for La Crosse Loggers : RHP Cisco Vázquez
Pitching: RHP Cisco Vázquez
Batting: RHB Manuel Pérez 0-0: Called Strike
0-1: Ball
1-1: Ground out 4-3 (Groundball, 4)
Batting: RHB Fred Howard 0-0: Ball
1-0: Called Strike
1-1: Ball
2-1: Ball
3-1: Swinging Strike
3-2: Base on Balls
Batting: LHB José Berroa 0-0: Called Strike
0-1: Ball
1-1: Ball
2-1: Ball
3-1: Foul Ball, location: 2F
3-2: Base on Balls
Fred Howard to second
Batting: LHB Colt Pope 0-0: Ball
1-0: Ball
2-0: Ball
3-0: Fly out, F7 (Line Drive, 7M)
Batting: RHB Tokuhei Kobayashi 0-0: Called Strike
0-1: Foul Ball, location: 2F
0-2: Ball
1-2: 3-RUN HOME RUN (Flyball, 7LD), Distance : 348 ft
Batting: RHB Paul Spencer 0-0: Ball
1-0: Ball
2-0: SINGLE (Groundball, 56D)
Batting: RHB Thomas Christopher 0-0: Ball
1-0: Foul Ball, location: 2F
1-1: Ball
2-1: Fly out, F4 (Line Drive, 4)
Top of the 1st over - 3 run(s), 2 hit(s), 0 error(s), 1 left on base; Balzac 3 - La Crosse 0
BOTTOM OF THE 1ST
La Crosse Loggers batting - Pitching for Balzac Rams : LHP Alberto García
Pitching: LHP Alberto García
Batting: RHB Jon Kenney 0-0: Ball
1-0: Fly out, F4 (Popup, 4M)
Batting: RHB Jimmy Smith 0-0: Ball
1-0: Called Strike
1-1: Swinging Strike
1-2: Ball
2-2: Ball
3-2: Strikes out swinging
Batting: RHB Fraser Stanton 0-0: Foul Ball, location: 2F
0-1: Ground out 6-3 (Groundball, 6)
Bottom of the 1st over - 0 run(s), 0 hit(s), 0 error(s), 0 left on base; Balzac 3 - La Crosse 0
TOP OF THE 2ND
Balzac Rams batting - Pitching for La Crosse Loggers : RHP Cisco Vázquez
Batting: RHB Jeff Stevenson 0-0: Ball
1-0: Foul Ball, location: 2F
1-1: Fly out, F8 (Flyball, 8LM)
Batting: RHB Scott Green 0-0: Foul Ball, location: 2F
0-1: Called Strike
0-2: Ball
1-2: Ground out 6-3 (Groundball, 6)
Batting: RHB Manuel Pérez 0-0: Ball
1-0: Ball
2-0: Ball
3-0: Called Strike
3-1: Foul Ball, location: 2F
3-2: Foul Ball, location: 2F
3-2: Strikes out looking
Top of the 2nd over - 0 run(s), 0 hit(s), 0 error(s), 0 left on base; Balzac 3 - La Crosse 0
BOTTOM OF THE 2ND
La Crosse Loggers batting - Pitching for Balzac Rams : LHP Alberto García
Batting: LHB David Doyle 0-0: Swinging Strike
0-1: Swinging Strike
0-2: Strikes out swinging
Batting: LHB Ricardo Ruíz 0-0: Ball
1-0: Ball
2-0: Swinging Strike
2-1: Swinging Strike
2-2: Ball
3-2: Ground out 4-3 (Groundball, 4M)
Batting: LHB Enrique Tirado 0-0: SINGLE (Groundball, 4MD)
Batting: LHB Oliver Beltrán 0-0: Called Strike
0-1: Ball
1-1: Fly out, F7 (Flyball, 78M)
Bottom of the 2nd over - 0 run(s), 1 hit(s), 0 error(s), 1 left on base; Balzac 3 - La Crosse 0
TOP OF THE 3RD
Balzac Rams batting - Pitching for La Crosse Loggers : RHP Cisco Vázquez
Batting: RHB Fred Howard 0-0: Ball
1-0: Called Strike
1-1: Foul Ball, location: 2F
1-2: DOUBLE (Line Drive, 9LS)
Batting: LHB José Berroa 0-0: Called Strike
0-1: DOUBLE (Groundball, 3L)
Fred Howard scores
Batting: LHB Colt Pope 0-0: Ball
1-0: Ball
2-0: Ball
3-0: Base on Balls
Batting: RHB Tokuhei Kobayashi 0-0: Called Strike
0-1: Ball
1-1: Fly out, F8 (Flyball, 78XD)
Runner from 2nd tags up, SAFE at 3rd, no throw
Batting: RHB Paul Spencer 0-0: Fly out, F3 (Popup, 3SF)
Batting: RHB Thomas Christopher 0-0: Called Strike
0-1: Called Strike
0-2: Ball
1-2: Foul Ball, location: 2F
1-2: Foul Ball, location: 2F
1-2: Ball
2-2: Ball
Wild Pitch!
José Berroa scores
Colt Pope to second
3-2: SINGLE (Line Drive, 89M)
Colt Pope to third
Colt Pope scores
Batting: RHB Jeff Stevenson 0-0: Ball
1-0: Fielders Choice at 2nd, U6 (Groundball, 6M)
Top of the 3rd over - 3 run(s), 3 hit(s), 0 error(s), 1 left on base; Balzac 6 - La Crosse 0
BOTTOM OF THE 3RD
La Crosse Loggers batting - Pitching for Balzac Rams : LHP Alberto García
Batting: RHB Sergio Sánchez 0-0: Ball
1-0: Fly out, F7 (Line Drive, 78D)
Batting: RHB Robert Barnard 0-0: Ball
1-0: Ball
2-0: Ball
3-0: Base on Balls
Batting: RHB Jon Kenney 0-0: Ball
1-0: Ball
Robert Barnard steals 2nd base
2-0: Called Strike
2-1: Foul Ball, location: 2F
2-2: Foul Ball, location: 2F
2-2: Fly out, F7 (Flyball, 7LM)
Batting: RHB Jimmy Smith 0-0: Called Strike
0-1: Foul Ball, location: 2F
0-2: Ground out 5-3 (Groundball, 5S)
Bottom of the 3rd over - 0 run(s), 0 hit(s), 0 error(s), 1 left on base; Balzac 6 - La Crosse 0
TOP OF THE 4TH
Balzac Rams batting - Pitching for La Crosse Loggers : RHP Cisco Vázquez
Batting: RHB Scott Green 0-0: Called Strike
0-1: Ball
1-1: Called Strike
1-2: Foul Ball, location: 2F
1-2: Ball
2-2: Strikes out swinging
Batting: RHB Manuel Pérez 0-0: Foul Ball, location: 2F
0-1: SOLO HOME RUN (Flyball, 7D), Distance : 368 ft
Batting: RHB Fred Howard 0-0: Ball
1-0: Fly out, F9 (Flyball, 89S)
Batting: LHB José Berroa 0-0: Fly out, F6 (Line Drive, 6)
Top of the 4th over - 1 run(s), 1 hit(s), 0 error(s), 0 left on base; Balzac 7 - La Crosse 0
BOTTOM OF THE 4TH
La Crosse Loggers batting - Pitching for Balzac Rams : LHP Alberto García
Batting: RHB Fraser Stanton 0-0: Ball
1-0: Ground out U3 (Groundball, 3)
Batting: LHB David Doyle 0-0: Foul Ball, location: 2F
0-1: Swinging Strike
0-2: Ball
1-2: Strikes out looking
Batting: LHB Ricardo Ruíz 0-0: Called Strike
0-1: Swinging Strike
0-2: Ball
1-2: Ball
2-2: Ball
3-2: Strikes out swinging
Bottom of the 4th over - 0 run(s), 0 hit(s), 0 error(s), 0 left on base; Balzac 7 - La Crosse 0
TOP OF THE 5TH
Balzac Rams batting - Pitching for La Crosse Loggers : RHP Cisco Vázquez
Batting: LHB Colt Pope 0-0: Foul Ball, location: 2F
0-1: Ball
1-1: SINGLE (Groundball, 5D)
Batting: RHB Tokuhei Kobayashi 0-0: Ball
1-0: Swinging Strike
1-1: Ball
2-1: Foul Ball, location: 2F
2-2: Foul Ball, location: 2F
2-2: Strikes out swinging
Batting: RHB Paul Spencer 0-0: Called Strike
0-1: Ball
1-1: Ball
2-1: Foul Ball, location: 2F
2-2: Ball
3-2: Foul Ball, location: 2F
3-2: Foul Ball, location: 2F
3-2: Foul Ball, location: 2F
3-2: Base on Balls
Colt Pope to second
Pitching: LHP Jorge Martínez
Batting: RHB Thomas Christopher 0-0: Ball
Colt Pope steals 3rd base
Paul Spencer to second
1-0: Foul Ball, location: 2F
1-1: Ball
2-1: Foul Ball, location: 2F
2-2: Ball
3-2: Foul Ball, location: 2F
3-2: Foul Ball, location: 2F
3-2: Foul Ball, location: 2F
3-2: Base on Balls
Batting: RHB Jeff Stevenson 0-0: Swinging Strike
0-1: Foul Ball, location: 2F
0-2: Ball
1-2: Ball
2-2: Ball
3-2: Base on Balls
Colt Pope scores
Paul Spencer to third
Thomas Christopher to second
Batting: RHB Scott Green 0-0: Ball
1-0: Ball
2-0: Called Strike
2-1: Grounds into double play, U6-3 (Groundball, 6M)
Top of the 5th over - 1 run(s), 1 hit(s), 0 error(s), 2 left on base; Balzac 8 - La Crosse 0
BOTTOM OF THE 5TH
La Crosse Loggers batting - Pitching for Balzac Rams : LHP Alberto García
Batting: LHB Enrique Tirado 0-0: Swinging Strike
0-1: Ball
1-1: Ball
2-1: Ball
3-1: Foul Ball, location: 2F
3-2: Ground out 3-1 (Groundball, 34)
Batting: LHB Oliver Beltrán 0-0: Foul Ball, location: 2F
0-1: SINGLE (Flyball, 9LS)
Batting: RHB Sergio Sánchez 0-0: Swinging Strike
0-1: Grounds into double play, 4-6-3 (Groundball, 34)
Bottom of the 5th over - 0 run(s), 1 hit(s), 0 error(s), 0 left on base; Balzac 8 - La Crosse 0
TOP OF THE 6TH
Balzac Rams batting - Pitching for La Crosse Loggers : LHP Jorge Martínez
Batting: RHB Manuel Pérez 0-0: Ball
1-0: Hit by Pitch
Batting: RHB Fred Howard 0-0: Ball
1-0: Ball
2-0: Ball
3-0: Called Strike
3-1: Called Strike
3-2: Reached on error, E5 (Groundball, 5)
Manuel Pérez to second
Batting: LHB José Berroa 0-0: Ball
1-0: Ball
2-0: Swinging Strike
2-1: Called Strike
2-2: Ball
3-2: Base on Balls
Manuel Pérez to third
Fred Howard to second
Batting: LHB Colt Pope 0-0: Ball
1-0: Called Strike
1-1: Swinging Strike
1-2: Foul Ball, location: 2F
1-2: Strikes out swinging
Batting: RHB Tokuhei Kobayashi 0-0: Called Strike
0-1: Ball
1-1: Foul Ball, location: 2F
1-2: Fly out, F6 (Line Drive, 6D)
Batting: RHB Paul Spencer 0-0: Ball
1-0: Called Strike
1-1: Ball
2-1: Ball
3-1: Base on Balls
Manuel Pérez scores
Fred Howard to third
José Berroa to second
Batting: RHB Thomas Christopher 0-0: Ball
1-0: Called Strike
1-1: Ground out U3 (Groundball, 3)
Top of the 6th over - 1 run(s), 0 hit(s), 1 error(s), 3 left on base; Balzac 9 - La Crosse 0
BOTTOM OF THE 6TH
La Crosse Loggers batting - Pitching for Balzac Rams : LHP Alberto García
Batting: RHB Robert Barnard 0-0: Ball
1-0: Ball
2-0: Ground out 6-3 (Groundball, 6M)
Batting: RHB Jon Kenney 0-0: Foul Ball, location: 2F
0-1: Foul Ball, location: 2F
0-2: Ground out 6-3 (Groundball, 6M)
Batting: RHB Jimmy Smith 0-0: Ball
1-0: DOUBLE (Line Drive, 7LD)
Batting: RHB Fraser Stanton 0-0: Ball
1-0: Ball
2-0: Foul Ball, location: 2F
2-1: Foul Ball, location: 2F
2-2: Ball
3-2: Base on Balls
Batting: LHB David Doyle 0-0: Swinging Strike
0-1: Foul Ball, location: 2F
0-2: Fly out, F2 (Popup, 2RF)
Bottom of the 6th over - 0 run(s), 1 hit(s), 0 error(s), 2 left on base; Balzac 9 - La Crosse 0
TOP OF THE 7TH
Balzac Rams batting - Pitching for La Crosse Loggers : LHP Jorge Martínez
Pitching: RHP Drew Bailey
Batting: RHB Jeff Stevenson 0-0: Called Strike
0-1: Called Strike
0-2: Foul Ball, location: 2F
0-2: Ball
1-2: Fly out, F7 (Flyball, 7M)
Batting: RHB Scott Green 0-0: Ball
1-0: Swinging Strike
1-1: Foul Ball, location: 2F
1-2: Foul Ball, location: 2F
1-2: Ball
2-2: Foul Ball, location: 2F
2-2: Foul Ball, location: 2F
2-2: Foul Ball, location: 2F
2-2: Foul Ball, location: 2F
2-2: Ball
3-2: Base on Balls
Batting: RHB Manuel Pérez 0-0: Ball
1-0: Foul Ball, location: 2F
1-1: Ball
2-1: Ball
3-1: Base on Balls
Scott Green to second
Batting: RHB Fred Howard 0-0: Ball
1-0: Foul Ball, location: 2F
1-1: Ball
2-1: Ball
3-1: Base on Balls
Scott Green to third
Manuel Pérez to second
Batting: LHB José Berroa 0-0: Swinging Strike
0-1: Ball
1-1: SINGLE (Line Drive, 9LS)
Scott Green scores
Manuel Pérez to third
Fred Howard to second
Batting: LHB Colt Pope 0-0: Ball
1-0: Fly out, F8 (Flyball, 8LXD)
Runner from 3rd tags up, SCORES, no throw
Batting: RHB Tokuhei Kobayashi 0-0: Called Strike
0-1: Ground out 4-3 (Groundball, 4)
Top of the 7th over - 2 run(s), 1 hit(s), 0 error(s), 2 left on base; Balzac 11 - La Crosse 0
BOTTOM OF THE 7TH
La Crosse Loggers batting - Pitching for Balzac Rams : LHP Alberto García
Batting: LHB Ricardo Ruíz 0-0: Called Strike
0-1: SINGLE (Groundball, 3D)
Batting: LHB Enrique Tirado 0-0: Ball
1-0: Ball
2-0: Called Strike
2-1: Called Strike
2-2: Ball
3-2: SINGLE (Line Drive, 34)
Ricardo Ruíz to second
Batting: LHB Oliver Beltrán 0-0: Ball
1-0: Foul Ball, location: 2F
1-1: Foul Ball, location: 2F
1-2: Foul Ball, location: 2F
1-2: Strikes out swinging
Pitching: RHP T.J. Olson
Batting: RHB Sergio Sánchez 0-0: Called Strike
0-1: Ball
1-1: Swinging Strike
1-2: Grounds into double play, U4-3 (Groundball, 4)
Bottom of the 7th over - 0 run(s), 2 hit(s), 0 error(s), 1 left on base; Balzac 11 - La Crosse 0
TOP OF THE 8TH
Balzac Rams batting - Pitching for La Crosse Loggers : RHP Drew Bailey
Batting: RHB Paul Spencer 0-0: Ground out 5-3 (Groundball, 5)
Batting: RHB Thomas Christopher 0-0: Ball
1-0: Called Strike
1-1: Ball
2-1: Called Strike
2-2: Ball
3-2: Base on Balls
Batting: RHB Jeff Stevenson 0-0: Ball
Thomas Christopher steals 2nd base
1-0: Ball
2-0: Ground out 6-3 (Groundball, 6M)
Thomas Christopher to third
Batting: RHB Scott Green 0-0: SINGLE (Groundball, 6M)
Thomas Christopher scores
Batting: RHB Manuel Pérez 0-0: SINGLE (Flyball, 7S)
Scott Green to second
Batting: RHB Fred Howard 0-0: Called Strike
0-1: Called Strike
0-2: Fielders Choice at 2nd, U4 (Groundball, 4M)
Top of the 8th over - 1 run(s), 2 hit(s), 0 error(s), 2 left on base; Balzac 12 - La Crosse 0
BOTTOM OF THE 8TH
La Crosse Loggers batting - Pitching for Balzac Rams : RHP T.J. Olson
Now at 1B: Carlos Barrios
Batting: RHB Robert Barnard 0-0: Called Strike
0-1: Called Strike
0-2: Ball
1-2: Foul Ball, location: 2F
1-2: Ball
2-2: Fly out, F5 (Popup, 5F)
Batting: RHB Jon Kenney 0-0: Ball
1-0: SINGLE (Groundball, 13) (infield hit)
Batting: RHB Jimmy Smith Single, Error in OF, E9, batter to second base
Jon Kenney to third
Batting: RHB Fraser Stanton 0-0: Ball
1-0: Ball
2-0: Ball
3-0: Base on Balls
Batting: LHB David Doyle 0-0: Ball
1-0: Ball
2-0: Fly out, F8 (Flyball, 8RD)
Runner from 3rd tags up, SCORES, no throw
Batting: LHB Ricardo Ruíz 0-0: Ball
1-0: Ball
2-0: Foul Ball, location: 2F
2-1: Ground out 4-3 (Groundball, 34)
Bottom of the 8th over - 1 run(s), 2 hit(s), 1 error(s), 2 left on base; Balzac 12 - La Crosse 1
TOP OF THE 9TH
Balzac Rams batting - Pitching for La Crosse Loggers : RHP Drew Bailey
Batting: LHB José Berroa 0-0: Ball
1-0: Ball
2-0: Swinging Strike
2-1: SINGLE (Line Drive, 6)
Batting: LHB Colt Pope 0-0: SINGLE (Groundball, 6MD)
José Berroa to second
Batting: RHB Tokuhei Kobayashi 0-0: Swinging Strike
0-1: Ball
1-1: Fly out, F9 (Line Drive, 89M)
Batting: RHB Paul Spencer 0-0: Ground out 3-1 (Groundball, 34)
José Berroa to third
Colt Pope to second
Batting: RHB Thomas Christopher 0-0: Swinging Strike
0-1: Swinging Strike
0-2: Ball
1-2: Foul Ball, location: 2F
1-2: Strikes out looking
Top of the 9th over - 0 run(s), 2 hit(s), 0 error(s), 2 left on base; Balzac 12 - La Crosse 1
BOTTOM OF THE 9TH
La Crosse Loggers batting - Pitching for Balzac Rams : RHP T.J. Olson
Now at C: Félix Quintero
Batting: LHB Enrique Tirado 0-0: Ball
1-0: Foul Ball, location: 2F
1-1: Foul Ball, location: 2F
1-2: Ball
2-2: Strikes out swinging
Batting: LHB Oliver Beltrán 0-0: Foul Ball, location: 2F
0-1: Foul Ball, location: 2F
0-2: Ball
1-2: Ground out 4-3 (Groundball, 4M)
Batting: RHB Sergio Sánchez 0-0: Ball
1-0: Ball
2-0: Fly out, F9 (Popup, 34D)
Bottom of the 9th over - 0 run(s), 0 hit(s), 0 error(s), 0 left on base; Balzac 12 - La Crosse 1
This league is powered by Out of the Park Baseball, the baseball management simulation game for PC, Mac and Linux
Saturday, April 9th, 2016 - OOTP Baseball 16.8 Build 38